 Dungeon Crawl Stone Soup version 0.19-b1-4-gd8a0a2a (webtiles) character file.

69 tyranidshit the Skirmisher (level 4, -2/38 HPs)
             Began as a Demonspawn Abyssal Knight on Oct 30, 2016.
             Was a Follower of Lugonu.
             Killed from afar by vev's ghost (3 damage)
             ... with a magic dart
             ... on level 3 of the Dungeon.
             The game lasted 00:04:41 (1394 turns).

tyranidshit the Skirmisher (DsAK)                   Turns: 1394, Time: 00:04:41

Health: -2/38      AC: 16    Str: 13    XL:     4   Next: 2%
Magic:  5/5        EV:  3    Int: 13    God:    Lugonu [*.....]
Gold:   320        SH:  0    Dex: 13    Spells: 0 memorised, 3 levels left

rFire  . . .     SeeInvis .     a - +1 hand axe
rCold  . . .     Gourm    .     d - +1 plate armour
rNeg   . . .     Faith    .     (no shield)
rPois  .         Spirit   .     (no helmet)
rElec  .         Reflect  .     (no cloak)
rCorr  .         Harm     .     (no gloves)
MR     .....                    (no boots)
Stlth  ..........               (no amulet)
                                (no ring)
                                e - +3 ring of protection

@: very heavily drained
A: talons 1, slimy green scales 1
a: Depart the Abyss, Renounce Religion


You were on level 3 of the Dungeon.
You worshipped Lugonu.
Lugonu was aware of your devotion.
You were not hungry.

You visited 1 branch of the dungeon, and saw 3 of its levels.
You visited the Abyss 1 time.

You collected 320 gold pieces.

Inventory:

Hand Weapons
 a - a +1 hand axe (weapon)
Armour
 b - a +0 leather armour
 d - a +1 plate armour (worn)
Jewellery
 e - a +3 ring of protection (left hand)
Wands
 i - a wand of hasting (4/9)
Scrolls
 f - 3 scrolls of remove curse
 g - a scroll of amnesia
 h - 2 scrolls of enchant armour
 j - a scroll of identify
Comestibles
 c - a bread ration


   Skills:
 + Level 4.9(0.0) Fighting
 - Level 1.7(0.0) Axes
 - Level 1.7(0.0) Armour
 - Level 0.8(0.0) Dodging
 - Level 2.4(0.0) Invocations


You had 3 spell levels left.
You didn't know any spells.

Dungeon Overview and Level Annotations

Branches:
Dungeon (3/15)

Altars:

Annotations:
D:3 vev's ghost, amateur SpCj


Innate Abilities, Weirdness & Mutations

You have sharp toenails.
You are partially covered in slimy green scales. (AC +2)


Message History

* * * LOW HITPOINT WARNING * * *
You feel drained.
* * * LOW HITPOINT WARNING * * *
You barely miss vev's ghost. Your kick misses vev's ghost.
Vev's ghost is severely damaged.
Vev's ghost hits you but does no damage.
You feel drained.
You closely miss vev's ghost. Your kick misses vev's ghost.
Vev's ghost is severely damaged.
Vev's ghost casts a spell at you. The magic dart hits you!
* * * LOW HITPOINT WARNING * * *
Vev's ghost hits you but does no damage.
You feel drained.
You aren't carrying any potions.
As you read the scroll of fear, it crumbles to dust.
You assume a fearsome visage.
Vev's ghost is unaffected.
Vev's ghost points at you and mumbles some strange words.
The magic dart hits you!
You die...

###.#...####.........##.#....#.#
...........'.........'.........#
###.#...####.........##.#......#
#.#..## ##.......###.##.....#
#.#..# ##.....## #........#
#....# ##...## #######.## ###.##
##'## #.# #. #W# #.# #.
###@###### #.# #........# #.#
#..[.###.# #.# #.....# #.#
#$....# #.# #.#....# #.###....
.. ....# ## #####


You could see vev's ghost.

Vanquished Creatures
  2 adders (D:3)
  A worm (D:2)
  2 dart slugs (D:1)
  A leopard gecko (D:1)
  A giant cockroach (D:1)
  4 goblins
  2 hobgoblins
  8 jackals
  9 bats
  5 frilled lizards
  4 kobolds
  4 rats
  A fungus (D:1)
44 creatures vanquished.

Notes
Turn   | Place    | Note
-------+----------+-------------------------------------------
     0 | Abyss:1  | tyranidshit the Demonspawn Abyssal Knight began the quest for the Orb.
     0 | Abyss:1  | Reached XP level 1. HP: 18/18 MP: 2/2
    30 | Abyss:1  | Found a corrupted altar of Lugonu.
    41 | Abyss:1  | Noticed a large abomination
    41 | Abyss:1  | Noticed a large abomination
    57 | Abyss:1  | Noticed an iron imp
    65 | Abyss:1  | Noticed an orange demon
    67 | D:1      | Escaped the Abyss
   150 | D:1      | Gained mutation: You have sharp toenails. [demonic ancestry]
   150 | D:1      | Reached XP level 2. HP: 19/24 MP: 3/3
   365 | D:1      | Reached * piety under Lugonu
   572 | D:1      | Reached skill level 4 in Fighting
   800 | D:2      | Gained mutation: You are partially covered in slimy green scales. (AC +2) [demonic ancestry]
   800 | D:2      | Reached XP level 3. HP: 30/30 MP: 4/4
  1315 | D:3      | Reached XP level 4. HP: 38/38 MP: 5/5
  1360 | D:3      | Noticed vev's ghost (amateur SpCj)
  1393 | D:3      | HP: 1/38 [vev's ghost/magic dart (6)]
  1394 | D:3      | Killed from afar by vev's ghost

Skill      XL: |  1  2 |
---------------+-------+-----
Fighting       | 4 |  4.9
Axes           | |  1.7
Armour         | |  1.7
Dodging        | |  0.8
Invocations    | |  2.4

Action                   |  1- 3 |  4- 6 || total
-------------------------+-------+-------++-------
Melee: Hand axe          |   188 |    28 ||   216
       Kick              |    32 |     2 ||    34
Invok: Depart the Abyss  |     1 |       ||     1
  Use: Scroll            |     6 |     1 ||     7
       Potion            |     2 |       ||     2
  Eat: Bread ration      |     1 |       ||     1
Armor: Leather armour    |    55 |       ||    55
       Plate armour      |   102 |    28 ||   130
Dodge: Dodged            |    95 |     1 ||    96
